 Dungeon Crawl Stone Soup version 0.21-a0-434-g806c6c2 (webtiles) character file.

464 varam the Stinger (level 6, -1/28 HPs)
             Began as a Spriggan Venom Mage on Nov 8, 2017.
             Slain by an orc
             ... wielding a +0 mace
              (8 damage)
             ... on level 4 of the Dungeon.
             The game lasted 00:19:12 (3621 turns).

varam the Stinger (Spriggan Venom Mage)             Turns: 3621, Time: 00:19:13

Health: -1/28      AC:  2    Str:  4    XL:     6   Next: 80%
Magic:  3/11       EV: 18    Int: 19    God:
Gold:   67         SH:  0    Dex: 16    Spells: 4/10 levels left

rFire    + . .     SeeInvis +   o - +1 dagger (venom)
rCold    + . .     Gourm    .   (shield restricted)
rNeg     . . .     Faith    .   a - +0 robe
rPois    .         Spirit   .   (helmet restricted)
rElec    .         Reflect  .   g - scarf {rC+ rF+}
rCorr    .         Harm     .   (gloves unavailable)
MR       +....                  (boots unavailable)
Stlth    ++........             (no amulet)
HPRegen  0.09/turn              (no ring)
MPRegen  0.12/turn              (no ring)

@: lethally poisoned (-1 -> -11), very quick
A: unfitting armour, see invisible, herbivore 3, speed 3, slow metabolism 2
a: no special abilities


You were on level 4 of the Dungeon.
You were not hungry.

You visited 1 branch of the dungeon, and saw 4 of its levels.

You collected 67 gold pieces.

Inventory:

Hand Weapons
 o - a +1 dagger of venom (weapon)
 p - a +0 long sword of holy wrath
Missiles
 f - 20 stones (quivered)
Armour
 a - a +0 robe (worn)
 g - a scarf of resistance (worn)
Jewellery
 s - a +3 ring of dexterity {unknown}
Wands
 q - a wand of iceblast (7/15)
Scrolls
 e - 3 scrolls of teleportation {unknown}
 h - 2 scrolls of recharging {unknown}
 j - a scroll of amnesia {unknown}
 l - 3 scrolls of enchant weapon {unknown}
 m - a scroll of identify {unknown}
 n - a scroll of random uselessness {unknown}
 r - a scroll of remove curse {unknown}
Potions
 d - a potion of might {unknown}
 i - a potion of mutation {unknown}
 k - a potion of heal wounds {unknown}
Books
 b - a Young Poisoner's Handbook

   Spells                             Type                      Level
   a - Sting                          Conjuration/Poison           1
   b - Poisonous Vapours              Poison/Air                   2
   c - Mephitic Cloud                 Conjuration/Poison/Air       3
   d - Olgreb's Toxic Radiance        Poison                       4
   e - Venom Bolt                     Conjuration/Poison           5
Comestibles
 c - 3 bread rations


   Skills:
 - Level 3.0 Dodging
 - Level 3.0 Stealth
 - Level 2.6 Spellcasting
 + Level 3.2 Conjurations
 + Level 2.9 Air Magic
 + Level 5.3 Poison Magic


You had 4 spell levels left.
You knew the following spells:

 Your Spells              Type           Power        Failure   Level  Hunger
a - Sting                 Conj/Pois      ###.         2%          1    None
b - Poisonous Vapours     Pois/Air       ###...       4%          2    ##.....
c - Mephitic Cloud        Conj/Pois/Air  ###.....     10%         3    ###....


Dungeon Overview and Level Annotations

Branches:
Dungeon (4/15)
 Temple: D:4-7

Altars:
Elyvilon
Nemelex Xobeh
Xom

Shops:
D:4 :


Innate Abilities, Weirdness & Mutations

You are very small and have problems with some larger weapons.
You are too small for most types of armour.
You have supernaturally acute eyesight. (SInv)
You are a herbivore.
You cover ground extremely quickly.
You need consume almost no food.


Message History

You hit the worker ant but do no damage.
The worker ant looks as sick as possible!
The worker ant is severely wounded.
You feel sick.
You kill the worker ant!
You feel sick.
You see here a worker ant corpse.
You feel sick.
You feel sick.
You feel sick.
The orc shouts!
The orc completely misses you.
You hit the orc.
The orc is poisoned.
The orc is lightly wounded.
You feel sick. The orc barely misses you.
You hit the orc.
The orc looks as sick as possible!
The orc is heavily wounded.
* * * LOW HITPOINT WARNING * * *
You feel sick. The orc hits you with a mace!
You die...

... ... .. ... ..# ..
..#.# ..#### #...
....## ..# #o.#####.#
#@....†.# ####.##..#
####.##....#
#....###...# ..
#.#### ...#
#..####.## .#.#
....a....# #...# #
##.......# #..##.#
##......#####..##.###


You could see an orc.

Vanquished Creatures
  An orc warrior (D:4)
  2 ogres (D:4)
  A scorpion (D:4)
  A worker ant (D:4)
  2 river rats (D:4)
  2 adders
  An ooze (D:3)
  3 dart slugs (D:2)
  A leopard gecko (D:3)
  10 orcs
  3 ball pythons
  6 giant cockroaches
  11 goblins
  5 hobgoblins
  6 jackals
  7 kobolds
  A quokka (D:3)
  6 bats
  6 frilled lizards
  6 rats
81 creatures vanquished.

Notes
Turn   | Place    | Note
-------+----------+-------------------------------------------
     0 | D:1      | varam the Spriggan Venom Mage began the quest for the Orb.
     0 | D:1      | Reached XP level 1. HP: 9/9 MP: 5/5
   147 | D:1      | Reached skill level 1 in Conjurations
   215 | D:1      | Reached XP level 2. HP: 13/13 MP: 0/6
   332 | D:1      | Learned a level 2 spell: Poisonous Vapours
   963 | D:2      | Reached XP level 3. HP: 13/16 MP: 2/8
  1343 | D:2      | Found a white marble altar of Elyvilon.
  1677 | D:3      | Reached skill level 4 in Poison Magic
  1682 | D:3      | Learned a level 3 spell: Mephitic Cloud
  1703 | D:3      | Reached skill level 2 in Conjurations
  1816 | D:3      | Reached XP level 4. HP: 19/21 MP: 9/9
  2228 | D:3      | Found a sparkling altar of Nemelex Xobeh.
  2622 | D:4      | Found Fuont's Book Emporium.
  2628 | D:4      | Found a shimmering altar of Xom.
  2632 | D:4      | Noticed an ogre
  2638 | D:4      | Noticed an ogre
  2701 | D:4      | HP: 1/21 [ogre/giant spiked club (20)]
  3041 | D:4      | Killed an ogre
  3041 | D:4      | Reached skill level 1 in Air Magic
  3041 | D:4      | Reached XP level 5. HP: 24/24 MP: 2/10
  3076 | D:4      | Killed an ogre
  3076 | D:4      | Reached skill level 2 in Air Magic
  3382 | D:4      | Noticed an orc warrior
  3434 | D:4      | Reached XP level 6. HP: 28/28 MP: 8/11
  3556 | D:4      | Killed an orc warrior
  3556 | D:4      | Reached skill level 3 in Conjurations
  3556 | D:4      | Reached skill level 5 in Poison Magic
  3621 | D:4      | Slain by an orc

Vault maps used:
D:1:      dpeg_arrival_round_c
D:2:      lemuel_doored_altar
D:3:      nicolae_overflow_hidden_temple, first_bread, serial_bayou_pond_b
D:4:      kennysheep_goblin_castle, xom_butterflies, portal_sewer_entry_e,
          serial_shops, nicolae_shop_stone, nicolae_dithmenos_the_darkroom,
          uniq_purgy

Skill      XL: |  1  2  3  4  5  6 |
---------------+-------------------+-----
Conjurations   | 1 2 3 |  3.2
Poison Magic   | 4 5 |  5.3
Air Magic      | 1 2 |  2.9
Dodging        | |  3.0
Stealth        | |  3.0
Spellcasting   | |  2.6

Action                   |  1- 3 |  4- 6 || total
-------------------------+-------+-------++-------
Melee: Dagger            |    88 |    77 ||   165
Throw: Stone             |     1 |       ||     1
 Cast: Sting             |    47 |    32 ||    79
       Poisonous Vapours |     5 |     7 ||    12
       Mephitic Cloud    |       |     5 ||     5
 Stab: Sleeping          |     4 |     6 ||    10
       Confused          |       |     5 ||     5
  Eat: Royal jelly       |       |     1 ||     1
Armor: Robe              |    10 |     6 ||    16
Dodge: Dodged            |    69 |    58 ||   127

Table legend:
 A = Spawn XP
 B = Non-spawn XP
 C = Spawn XP percentage of total XP
 D = Spawn monster count
 E = Non-spawn monster count
 F = Spawn count percentage of total count
 G = Total turns spent on level
                    A         B        C        D         E        F      G
               +---------+---------+-------+---------+---------+-------+---------
         Total |       0 |     664 |   0.0 |       0 |      81 |   0.0 |  3621
               +---------+---------+-------+---------+---------+-------+---------
           D:1 |       0 |      37 |   0.0 |       0 |      22 |   0.0 |   837
           D:2 |       0 |      40 |   0.0 |       0 |      15 |   0.0 |   754
           D:3 |       0 |      67 |   0.0 |       0 |      28 |   0.0 |  1631
           D:4 |       0 |     520 |   0.0 |       0 |      16 |   0.0 |   399
               +---------+---------+-------+---------+---------+-------+---------
